 Dungeon Crawl Stone Soup version 0.18-a0-1643-gb89d9db (webtiles) character file.

51 Oddball22 the Skirmisher (level 3, -3/30 HPs)
             Began as a Demonspawn Monk on Mar 28, 2016.
             Slain by a kobold
             ... wielding a +0 dagger
              (4 damage)
             ... on level 2 of the Dungeon.
             The game lasted 00:03:05 (1702 turns).

Oddball22 the Skirmisher (Demonspawn Monk)          Turns: 1702, Time: 00:03:05

Health: -3/30      AC:  2    Str: 11    XL:     3   Next: 58%
Magic:  3/3        EV: 13    Int: 11    God:
Gold:   45         SH:  0    Dex: 16    Spells: 0 memorised, 2 levels left

rFire  . . .     SeeInvis .     f - -3 dagger (curse)
rCold  . . .     Gourm    .     a - +0 robe
rNeg   . . .     Faith    .     (no shield)
rPois  .         Spirit   .     (no helmet)
rElec  .         Dismiss  .     (no cloak)
rCorr  .         Reflect  .     (no gloves)
SustAt .         Harm     .     (no boots)
MR     .....                    (no amulet)
Stlth  ++........               (no ring)
                                (no ring)

@: drained, not resistant to hostile enchantments, unstealthy
A: claws 1
a: no special abilities


You were on level 2 of the Dungeon.
You were hungry.

You visited 1 branch of the dungeon, and saw 2 of its levels.

You collected 45 gold pieces.

Inventory:

Hand Weapons
 f - a cursed -3 dagger (weapon)
 g - a +2 dagger of draining
Missiles
 e - 25 bolts
Armour
 a - a +0 robe (worn)
Potions
 d - 2 potions of curing {unknown}
 h - a potion of flight {unknown}
Books
 c - a Young Poisoner's Handbook

   Spells                             Type                      Level
   a - Sting                          Conjuration/Poison           1
   b - Cure Poison                    Poison                       2
   c - Mephitic Cloud                 Conjuration/Poison/Air       3
   d - Olgreb's Toxic Radiance        Poison                       4
   e - Venom Bolt                     Conjuration/Poison           5
Comestibles
 b - 2 bread rations


   Skills:
 * Level 4.0(3.2) Fighting
 + Level 3.1(2.4) Dodging
 - Level 1.7(1.0) Stealth
 + Level 3.9(3.1) Unarmed Combat


You had 2 spell levels left.
You didn't know any spells.

Dungeon Overview and Level Annotations

Branches:
Dungeon (2/15)

Altars:
Cheibriados


Innate Abilities, Weirdness & Mutations

You have sharp fingernails.


Message History

Read which item? (? for menu, Esc to quit)
Okay, then.
You are feeling hungry.
A kobold comes into view. It is wielding a dagger.
The kobold shouts!
The kobold closely misses you.
You hit the kobold but do no damage. The kobold hits you with a dagger.
* * * LOW HITPOINT WARNING * * *
You barely miss the kobold. The kobold closely misses you.
You hit the kobold but do no damage. The kobold misses you.
You hit the kobold but do no damage. The kobold closely misses you.
You closely miss the kobold. The kobold hits you with a dagger.
* * * LOW HITPOINT WARNING * * *
You closely miss the kobold. Your claw misses the kobold.
The kobold barely misses you.
You completely miss the kobold. Your claw misses the kobold.
The kobold hits you with a dagger.
* * * LOW HITPOINT WARNING * * *
You completely miss the kobold. The kobold hits you with a dagger.
You die...

#..#####.#..#######
##.# ..#.#.........
#.# #.#w#.########
#.# #)#.#.# #.#
#...#.# #.#.#####.#
#w#.......##
#.#.#####..# #@#
#..## #K# #...# #.#
#.#.# #.# #.#.# #.
#.# #.#.## #. #..
#....# #. #.#
#....####. #.#
#.##...... #.
#......


You could see a worm and a kobold.

Vanquished Creatures
  An ooze (D:1)
  A worm (D:1)
  2 dart slugs (D:1)
  2 giant geckos (D:1)
  2 ball pythons (D:1)
  5 bats (D:1)
  A giant cockroach (D:1)
  3 goblins
  5 hobgoblins
  2 jackals (D:1)
  5 kobolds
  4 giant newts (D:1)
  3 rats (D:1)
36 creatures vanquished.

Notes
Turn   | Place    | Note
--------------------------------------------------------------
     0 | D:1      | Oddball22 the Demonspawn Monk began the quest for the Orb.
     0 | D:1      | Reached XP level 1. HP: 18/18 MP: 1/1
   166 | D:1      | Gained mutation: You have sharp fingernails. [demonic ancestry]
   166 | D:1      | Reached XP level 2. HP: 21/24 MP: 2/2
   687 | D:1      | Reached XP level 3. HP: 8/29 MP: 3/3
  1373 | D:2      | Reached skill level 4 in Fighting
  1577 | D:2      | Found a snail-covered altar of Cheibriados.
  1701 | D:2      | HP: 1/30 [kobold/dagger (3)]
  1702 | D:2      | Slain by a kobold

Vault maps used:
D:1:      dpeg_arrival_pond, st_stairs_7
D:2:      nicolae_overflow_crystal_walls, grunt_pakellas_sulfur, first_bread,
          roderic_lattice_a

Skill      XL: |  1  2  3 |
---------------+----------+-----
Dodging        | 3 |  3.1
Fighting       | 4 |  4.0
Stealth        | |  1.7
Unarmed Combat | |  3.9

Action                   || total
-------------------------++-------
Melee: Unarmed           ||    98
       Dagger            ||    33
  Use: Scroll            ||     2
 Stab: Sleeping          ||     2
  Eat: Chunk             ||     2
